 Seeded DCSS version 0.32-a0-918-g0f22ef8d61 (webtiles) character file.

Game seed: 17171284659712210178 (custom seed)

64 innerfire43 the Trooper (level 3, -5/30 HPs)
             Began as a Demonspawn Monk on Apr 10, 2024.
             Killed from afar by Natasha (7 damage)
             ... with a magic dart
             ... on level 2 of the Dungeon.
             The game lasted 00:02:16 (2229 turns).

innerfire43 the Trooper (Demonspawn Monk)           Turns: 2229, Time: 00:02:17

Health: -5/30      AC:  3    Str: 13    XL:     3   Next: 91%
Magic:  3/3        EV: 12    Int: 10    God:
Gold:   173        SH:  0    Dex: 15    Spells: 2/2 levels left

rFire   . . .        a - +0 mace
rCold   . . .        d - orb {light}
rNeg    . . .        b - +0 robe
rPois   .            (no helmet)
rElec   .            g - +0 cloak
rCorr   .            (no gloves)
SInv    .            (no boots)
Will    .....        (no amulet)
Stlth   +            (no ring)
HPRegen 0.25/turn    (no ring)
MPRegen 0.08/turn

%: no passive effects
@: slowed, glowing, very slow
A: hooves 1
a: no special abilities


You were on level 2 of the Dungeon.
You visited 1 branch of the dungeon, and saw 3 of its levels.

You collected 173 gold pieces.

Inventory:

Hand Weapons
 a - a +0 mace (weapon)
Armour
 b - a +0 robe (worn)
 d - an orb of light (worn)
 g - a +0 cloak (worn)
Scrolls
 f - 2 scrolls of identify {unknown}
 h - 2 scrolls of fog {unknown}
 i - 3 scrolls of enchant weapon {unknown}
 j - 2 scrolls of teleportation {unknown}
 k - a scroll of revelation {unknown}
Potions
 c - a potion of ambrosia
 e - 2 potions of enlightenment {unknown}
 l - a potion of mutation {unknown}


   Skills:
 + Level 3.7 Fighting
 + Level 3.3 Maces & Flails
 + Level 3.3 Dodging


You had 2 spell levels left.
You didn't know any spells.
Your spell library contained the following spells:

 Spells                   Type           Power      Damage    Failure   Level
 Fugue of the Fallen      Necr           0%         N/A       75%         3
 Ozocubu's Armour         Ice            0%         N/A       75%         3
 Manifold Assault         Tloc           0%         N/A       100%        7


Dungeon Overview and Level Annotations

Branches:
Dungeon (3/15)

Altars:

Annotations:
D:2 Natasha


Innate Abilities, Weirdness & Mutations

You have large cloven feet.


Message History

You open the door.
There is an open door here.
There is an open door here.
There is an open door here.
Natasha, Servant of Life and Death comes into view.
Natasha hisses angrily.
Natasha mumbles some strange words.
The cerulean imp closely misses you. Natasha misses you.
The cerulean imp hits you with a +2 spear!
Natasha attacks as she pursues you! Natasha closely misses you.
The cerulean imp hits you with a +2 spear.
Natasha attacks as she pursues you! Natasha barely misses you.
The cerulean imp misses you. Natasha casts a spell at you.
You feel yourself slow down. The cerulean imp barely misses you.
Natasha mumbles some strange words.
You feel troubled.
Natasha stares at you and mumbles some strange words.
The magic dart hits you. The cerulean imp closely misses you.
Natasha stares at you and mumbles some strange words.
The magic dart hits you.
* * * LOW HITPOINT WARNING * * *
The cerulean imp closely misses you. Natasha attacks as she pursues you!
Natasha claws you.
* * * LOW HITPOINT WARNING * * *
The cerulean imp hits you from afar with a +2 spear.
* * * LOW HITPOINT WARNING * * *
Natasha closely misses you.
The cerulean imp attacks as it pursues you!
The cerulean imp misses you. Natasha attacks as she pursues you!
Natasha claws you.
* * * LOW HITPOINT WARNING * * *
The cerulean imp completely misses you.
You sock Natasha! You kick Natasha, but do no damage.
Natasha is severely wounded.
Natasha stares at you and mumbles some strange words.
The magic dart hits you!
You die...
Natasha begins licking her fur clean.

..##.....# #..# #.#
..######.####..# #.# ..#
####.#.##..#####.# ..#
#................#
..###.##.......#####>##
............#..# #..#
...##.......#..#####..#########
...##..#......5..รท....).......#
...............h@.....#######.#
.#.##..#.#..#..##..##.# #.#
............#..##..##.# #.#
.#.##..#.#..#.........# #.#
...............#...#..# #.#
.#.##..#.#...###...#..# #.#
.#.##........# #.<.#..# #.#
.#.....###.#####...#..# #.#
.................)....#######.#


You could see Natasha and a cerulean imp (summoned).

Vanquished Creatures
  Natasha (D:2)
  An adder (D:2)
  3 dart slugs
  A bat (D:1)
  An endoplasm (D:1)
  3 giant cockroaches
  2 hobgoblins
  2 kobolds
  A quokka (D:1)
  3 ball pythons
  4 goblins
  A rat (D:2)
23 creatures vanquished.

Notes
Turn   | Place    | Note
-------+----------+-------------------------------------------
     0 | D:1      | innerfire43 the Demonspawn Monk began the quest for the
                  | Orb.
     0 | D:1      | Reached XP level 1. HP: 18/18 MP: 1/1
   549 | D:1      | Gained mutation: You have large cloven feet. [demonic
                  | ancestry]
   549 | D:1      | Reached XP level 2. HP: 20/24 MP: 2/2
  1194 | D:2      | Reached XP level 3. HP: 12/29 MP: 3/3
  1782 | D:3      | Noticed Natasha
  1793 | D:3      | HP: 1/29 [cerulean imp/+1 spear[Natasha] (3)]
  1918 | D:2      | Killed Natasha
  2215 | D:2      | Noticed Natasha
  2229 | D:2      | Killed from afar by Natasha

Illustrated notes

Levels and vault maps discovered:
D:1:      dpeg_arrival_line_fractal, layout_loops_corners
D:2:      layout_basic
D:3:      layout_rooms, hellmonk_ecumenical_altar_blasted, uniq_jessica,
          uniq_natasha

Skill      XL: |  1  2 |
---------------+-------+-----
Maces & Flails | 3 |  3.3
Dodging        | 3 |  3.3
Fighting       | |  3.7

Action                     || total
---------------------------++-------
  Melee: Mace              ||    64
         Kick              ||    13
    Use: Potion            ||     1
 Armour: Robe              ||    61
  Dodge: Dodged            ||    63

Table legend: (Time is in decaauts)
 A = Elapsed time spent in this place.
 B = Non-inter-level travel time spent in this place.
 C = Inter-level travel time spent in this place.
 D = Time resting spent in this place.
 E = Time spent auto-exploring this place.
 F = Levels seen in this place.
 G = Mean time per level.
                   A        B        C        D        E       F      G
               +--------+--------+--------+--------+--------+-----+--------+
         Total |   2249 |   2249 |      0 |      0 |   1621 |   3 |  749.7 |
       Dungeon |   2249 |   2249 |      0 |      0 |   1621 |   3 |  749.7 |
               +--------+--------+--------+--------+--------+-----+--------+

Top non-repeatable levels by time:
     D:2: 1182 daAuts
     D:1: 1026 daAuts
     D:3: 41 daAuts
